 Dungeon Crawl Stone Soup version 0.28-a0-1190-g77e1c55843 (webtiles) character file.

Game seed: 13993592886083645726

98 Gargoyl the Skirmisher (level 4, -2/41 HPs)
             Began as a Gnoll Abyssal Knight on Dec 18, 2021.
             Was a Follower of Lugonu.
             Slain by Sigmund (12 damage)
             ... on level 3 of the Dungeon.
             The game lasted 00:02:07 (1985 turns).

Gargoyl the Skirmisher (Gnoll Abyssal Knight)       Turns: 1985, Time: 00:02:08

Health: -2/41      AC:  4    Str: 16    XL:     4   Next: 71%
Magic:  7/7        EV: 12    Int: 13    God:    Lugonu [*.....]
Gold:   104        SH:  0    Dex: 13    Spells: 5/5 levels left

rFire   . . .      SeeInvis .   c - +7 great sword "Isemn" {freeze, rC+ Str+2 Int+4}
rCold   + . .      Faith    .   (shield currently unavailable)
rNeg    . . .      Spirit   .   b - +0 leather armour
rPois   .          Reflect  .   l - +0 helmet
rElec   .          Harm     .   (no cloak)
rCorr   +          Rampage  .   (no gloves)
Will    .....                   (no boots)
Stlth   +.........              (no amulet)
HPRegen 0.13/turn               h - ring of resist corrosion
MPRegen 0.10/turn               f - +4 ring of slaying

@: no status effects
A: fangs 1, strong nose, distributed training
a: Renounce Religion, Depart the Abyss


You were on level 3 of the Dungeon.
You worshipped Lugonu.
Lugonu was aware of your devotion.
You visited 1 branch of the dungeon, and saw 3 of its levels.
You visited the Abyss 1 time.

You collected 104 gold pieces.

Inventory:

Hand Weapons
 a - a +1 hand axe
 c - the +7 great sword "Isemn" (weapon) {freeze, rC+ Str+2 Int+4}
   (You found it on level 2 of the Abyss)

   It freezes those it strikes, dealing additional cold damage.
   It can also slow down cold-blooded creatures.
   Str:       It affects your strength (+2).
   Int:       It affects your intelligence (+4).
   rC:        It protects you from cold.
Armour
 b - a +0 leather armour (worn)
 l - a +0 helmet (worn)
Jewellery
 f - a +4 ring of slaying (right hand)
 h - a ring of resist corrosion (left hand)
Potions
 d - a potion of curing
 i - a potion of heal wounds
 j - a potion of lignification


   Skills:
 + Level 6.6 Fighting
 + Level 1.2 Short Blades
 + Level 1.2 Long Blades
 + Level 4.7 Axes
 + Level 1.2 Maces & Flails
 + Level 1.2 Polearms
 + Level 1.2 Staves
 + Level 1.2 Slings
 + Level 1.2 Bows
 + Level 1.2 Crossbows
 + Level 1.2 Throwing
 + Level 4.7 Armour
 + Level 2.8 Dodging
 + Level 1.2 Stealth
 + Level 1.2 Shields
 + Level 1.2 Unarmed Combat
 + Level 1.2 Spellcasting
 + Level 1.0 Conjurations
 + Level 1.0 Hexes
 + Level 1.0 Summonings
 + Level 1.0 Necromancy
 + Level 1.0 Translocations
 + Level 1.0 Transmutations
 + Level 1.0 Fire Magic
 + Level 1.0 Ice Magic
 + Level 1.0 Air Magic
 + Level 1.0 Earth Magic
 + Level 1.0 Poison Magic
 + Level 4.7 Invocations
 + Level 1.2 Evocations


You had 5 spell levels left.
You didn't know any spells.
Your spell library contained the following spells:

 Spells                   Type           Power      Damage    Failure   Level
 Sandblast                Erth           6%         2d5       22%         1
 Slow                     Hex            12%        N/A       22%         1
 Passwall                 Tmut/Erth      2%         N/A       32%         2
 Confusing Touch          Hex            3%         N/A       54%         3
 Stone Arrow              Conj/Erth      6%         3d7       54%         3
 Vampiric Draining        Necr           3%         2d6       54%         3


Dungeon Overview and Level Annotations

Branches:
Dungeon (3/15)

Altars:
The Shining One

Annotations:
D:3 Sigmund


Innate Abilities, Weirdness & Mutations

You have very sharp teeth.
Your uncanny sense of smell can sniff out nearby items.
Your experience applies equally to all skills.


Message History

Your Conjurations skill increases to level 1!
Your Hexes skill increases to level 1!
Your Summonings skill increases to level 1!
Your Necromancy skill increases to level 1!
Your Translocations skill increases to level 1!
Your Transmutations skill increases to level 1!
Your Fire Magic skill increases to level 1!
Your Ice Magic skill increases to level 1!
Your Air Magic skill increases to level 1!
Your Earth Magic skill increases to level 1!
Your Poison Magic skill increases to level 1!
You barely miss the orc. The orc barely misses you.
The orc hits you with a +0 club.
You slice the orc!! You freeze the orc.
You kill the orc!
Lugonu accepts your kill. The orc misses you.
Unknown command.
You slash the orc! You freeze the orc.
You kill the orc!
Lugonu accepts your kill.
You hear some strange, mumbled words.
Something tries to affect you, but you resist.
Something hits you!
Unknown command.
Your leather armour prevents you from hitting the orc.
You hear the slow rusting of a drain nearby.
The orc completely misses you. Something hits you but does no damage.
The orc hits you with a +0 short sword.
You slash the orc! You freeze the orc.
You kill the orc!
Lugonu accepts your kill. Something hits you. Something hits you.
* * * LOW HITPOINT WARNING * * *
Items here: )))) [[ †††.
Unknown command.
Unknown command.
You closely miss something. Something hits you!
You die...

#.# *≈,,,≈* #.#
*≈≈≈≈≈* #.#
******* #.# *,,,,,
#.# ****,, #.# *,,
#.# *,,
#.############ *,,
#...)@.......#
**,,
#####{...[...#
*,,, #.#####..#
*,,, #.#
*,.#*****,**
#.#****,,.{,,,,**
#.#*∆,,,,,..,,**
#..∆,,,,***#,,****
#.#*,**,*,,,,,,,,,
*,**,**,,,****,***


There were no monsters in sight!

Vanquished Creatures
  An orc wizard (D:3)
  2 adders (D:2)
  A worm (D:2)
  4 dart slugs
  3 orcs (D:3)
  3 endoplasms
  4 goblins
  2 hobgoblins (D:2)
  4 kobolds
  5 quokkas
  4 ball pythons
  7 bats
  2 frilled lizards
  2 rats (D:1)
44 creatures vanquished.

Notes
Turn   | Place    | Note
-------+----------+-------------------------------------------
     0 | Abyss:1  | Gargoyl the Gnoll Abyssal Knight began the quest for the
                  | Orb.
     0 | Abyss:1  | Reached XP level 1. HP: 23/23 MP: 3/3
    10 | Abyss:2  | Found a corrupted altar of Lugonu.
    19 | Abyss:2  | Identified the +7 great sword "Isemn" {freeze, rC+ Str+2
                  | Int+4}
    43 | Abyss:2  | Noticed a large abomination
    49 | D:1      | Escaped the Abyss
    87 | D:1      | Found a faded altar of an unknown god.
   141 | D:1      | Reached XP level 2. HP: 7/29 MP: 5/5
   666 | D:1      | Reached XP level 3. HP: 30/35 MP: 6/6
   680 | D:1      | Reached * piety under Lugonu
  1557 | D:2      | Found a glowing golden altar of the Shining One.
  1566 | D:2      | Reached skill level 1 in Short Blades
  1566 | D:2      | Reached skill level 1 in Long Blades
  1566 | D:2      | Reached skill level 1 in Maces & Flails
  1566 | D:2      | Reached skill level 1 in Polearms
  1566 | D:2      | Reached skill level 1 in Staves
  1566 | D:2      | Reached skill level 1 in Slings
  1566 | D:2      | Reached skill level 1 in Bows
  1566 | D:2      | Reached skill level 1 in Crossbows
  1566 | D:2      | Reached skill level 1 in Throwing
  1566 | D:2      | Reached skill level 1 in Stealth
  1566 | D:2      | Reached skill level 1 in Shields
  1566 | D:2      | Reached skill level 1 in Unarmed Combat
  1566 | D:2      | Reached skill level 1 in Spellcasting
  1566 | D:2      | Reached skill level 1 in Evocations
  1567 | D:2      | Reached XP level 4. HP: 40/41 MP: 7/7
  1969 | D:3      | Noticed Sigmund
  1978 | D:3      | Reached skill level 1 in Conjurations
  1978 | D:3      | Reached skill level 1 in Hexes
  1978 | D:3      | Reached skill level 1 in Summonings
  1978 | D:3      | Reached skill level 1 in Necromancy
  1978 | D:3      | Reached skill level 1 in Translocations
  1978 | D:3      | Reached skill level 1 in Transmutations
  1978 | D:3      | Reached skill level 1 in Fire Magic
  1978 | D:3      | Reached skill level 1 in Ice Magic
  1978 | D:3      | Reached skill level 1 in Air Magic
  1978 | D:3      | Reached skill level 1 in Earth Magic
  1978 | D:3      | Reached skill level 1 in Poison Magic
  1985 | D:3      | Slain by Sigmund

Illustrated notes

Levels and vault maps discovered:
D:1:      dpeg_arrival_orchard, layout_basic,
          hellmonk_ecumenical_altar_lost_god, skrybe_limestone_x, st_stairs_11
D:2:      layout_basic, basic_altar
D:3:      layout_loops_ring, gup_sewer_entry_bowl, st_stairs_14,
          kennysheep_generic_room_13, uniq_sigmund

Skill      XL: |  1  2  3  4 |
---------------+-------------+-----
Short Blades   | 1 |  1.2
Long Blades    | 1 |  1.2
Maces & Flails | 1 |  1.2
Polearms       | 1 |  1.2
Staves         | 1 |  1.2
Slings         | 1 |  1.2
Bows           | 1 |  1.2
Crossbows      | 1 |  1.2
Throwing       | 1 |  1.2
Stealth        | 1 |  1.2
Shields        | 1 |  1.2
Unarmed Combat | 1 |  1.2
Spellcasting   | 1 |  1.2
Evocations     | 1 |  1.2
Conjurations   | 1 |  1.0
Hexes          | 1 |  1.0
Summonings     | 1 |  1.0
Necromancy     | 1 |  1.0
Translocations | 1 |  1.0
Transmutations | 1 |  1.0
Fire Magic     | 1 |  1.0
Ice Magic      | 1 |  1.0
Air Magic      | 1 |  1.0
Earth Magic    | 1 |  1.0
Poison Magic   | 1 |  1.0
Fighting       | |  6.6
Axes           | |  4.7
Armour         | |  4.7
Dodging        | |  2.8
Invocations    | |  4.7

Action                   |  1- 3 |  4- 6 || total
-------------------------+-------+-------++-------
Melee: Great sword       |    54 |    14 ||    68
       Bite              |     4 |       ||     4
Invok: Depart the Abyss  |     1 |       ||     1
  Use: Scroll            |     1 |     5 ||     6
       Potion            |     1 |       ||     1
 Stab: Sleeping          |     1 |       ||     1
Armor: Leather armour    |    20 |     4 ||    24
Dodge: Dodged            |    56 |     7 ||    63

Table legend: (Time is in decaauts)
 A = Elapsed time spent in this place.
 B = Non-inter-level travel time spent in this place.
 C = Inter-level travel time spent in this place.
 D = Time resting spent in this place.
 E = Time spent auto-exploring this place.
 F = Levels seen in this place.
 G = Mean time per level.
                   A        B        C        D        E       F      G
               +--------+--------+--------+--------+--------+-----+--------+
         Total |   2028 |   1977 |     51 |    213 |   1384 |   5 |  405.6 |
       Dungeon |   1979 |   1928 |     51 |    213 |   1363 |   3 |  659.7 |
         Abyss |     48 |     48 |      0 |      0 |     21 |   2 |   24.0 |
               +--------+--------+--------+--------+--------+-----+--------+

Top non-repeatable levels by time:
     D:1: 1041 daAuts
     D:2: 882 daAuts
     D:3: 55 daAuts
 Abyss:2: 38 daAuts
 Abyss:1: 10 daAuts
